 Dungeon Crawl Stone Soup version 0.23.2-1-ga50397a (webtiles) character file.

Game seed: 1511904860139125062

355 MajorAdolf the Sneak (level 6, -5/84 HPs)
             Began as a Naga Wanderer on Apr 25, 2019.
             Slain by an iguana (13 damage)
             ... on level 3 of the Dungeon.
             The game lasted 00:12:09 (4590 turns).

MajorAdolf the Sneak (Naga Wanderer)                Turns: 4590, Time: 00:12:10

Health: -5/84      AC:  4    Str: 20    XL:     6   Next: 63%
Magic:  6/6        EV:  9    Int: 16    God:
Gold:   263        SH:  0    Dex:  8    Spells: 5/5 levels left

rFire    . . .     SeeInvis +   a - +1 short sword
rCold    . . .     Gourm    .   (no shield)
rNeg     . . .     Faith    .   e - +1 robe
rPois    +         Spirit   .   (no helmet)
rElec    .         Reflect  .   (no cloak)
rCorr    .         Harm     .   (no gloves)
MR       .....                  (no barding)
Stlth    ..........             (no amulet)
HPRegen  0.24/turn              (no ring)
MPRegen  0.10/turn              (no ring)

@: berserking, quick
A: large, see invisible, deformed body, poison resistance, slowness 2, slow
metabolism 1, spit poison 1, AC +2
a: Spit Poison


You were on level 3 of the Dungeon.
You were not hungry.

You visited 1 branch of the dungeon, and saw 4 of its levels.

You collected 263 gold pieces.

Inventory:

Hand Weapons
 a - a +1 short sword (weapon)
 f - a +0 dagger
Armour
 e - a +1 robe (worn)
Jewellery
 l - an uncursed amulet of rage {unknown}
 s - an uncursed ring of protection from magic {unknown}
Scrolls
 i - 3 scrolls of enchant armour
 j - a scroll of fear
 n - 2 scrolls of immolation
 o - a scroll of identify
 q - a scroll of remove curse
Potions
 b - 3 potions of heal wounds
 c - a potion of lignification
 d - a potion of berserk rage
 h - 2 potions of degeneration
 k - 3 potions of curing {unknown}
 p - a potion of brilliance {unknown}
Comestibles
 g - 10 rations


   Skills:
 + Level 3.2 Fighting
 + Level 5.2 Short Blades
 - Level 1.0 Dodging
 + Level 7.1 Stealth
 - Level 2.0 Unarmed Combat


You had 5 spell levels left.
You didn't know any spells.
Your spell library was empty.

Dungeon Overview and Level Annotations

Branches:
Dungeon (4/15)
 Temple: D:4-7

Altars:
Gozag
Kikubaaqudgha
Xom
Yredelemnul

Annotations:
D:3 1 runed translucent door, Kaosu's ghost, amateur DrFE; Natasha


Innate Abilities, Weirdness & Mutations

You cannot wear boots.
Your serpentine skin is tough. (AC +2)
You have supernaturally acute eyesight. (SInv)
Armour fits poorly on your strangely shaped body.
Your system is resistant to poisons. (rPois)
You cover ground very slowly.
You have a slow metabolism.
You can spit poison.


Message History

* * * LOW HITPOINT WARNING * * *
Unknown command.
A red film seems to cover your vision as you go berserk!
You feel yourself moving faster!
You feel mighty!
You have got your breath back.
The iguana closely misses you. The gnoll hits you but does no damage.
Unknown command.
You barely miss the gnoll.
The gnoll is heavily wounded.
The iguana bites you.
* * * LOW HITPOINT WARNING * * *
You barely miss the gnoll.
The gnoll is heavily wounded.
The gnoll hits you with a cursed -2 club.
* * * LOW HITPOINT WARNING * * *
Unknown command.
You barely miss the gnoll.
The gnoll is heavily wounded.
The gnoll looks more healthy.
The iguana bites you!
You die...

............#
............#
............##
'#######'##..##
..## ##)..##).#
...###.....##)#
....#.......#)#
....#.......#.####
....#.......#..l@#
...###.....##...g#
..## ##...##.....#
### ######.....#
..##########.....#
##............####
###.############
##### ##....# ^#
#.....#


You could see an iguana and a gnoll.

Vanquished Creatures
  A hound (D:3)
  An orc priest (D:3)
  2 orc wizards (D:3)
  A worker ant (D:4)
  Natasha (twice) (D:3)
  A hound skeleton (D:4)
  7 adders
  2 worms
  A dart slug (D:3)
  2 leopard geckos (D:1)
  7 orcs
  3 bats
  4 giant cockroaches
  7 goblins
  11 hobgoblins
  3 jackals (D:3)
  6 kobolds
  3 quokkas
  2 ball pythons
  3 frilled lizards
  A quokka skeleton (D:4)
  22 rats
  A spectral orc (D:3)
93 creatures vanquished.

Notes
Turn   | Place    | Note
-------+----------+-------------------------------------------
     0 | D:1      | MajorAdolf the Naga Wanderer began the quest for the Orb.
     0 | D:1      | MajorAdolf set off with the following items: a +0 short
                  | sword, a potion of heal wounds, a potion of lignification,
                  | a potion of berserk rage, a +0 robe, a +0 dagger, a ration
     0 | D:1      | Reached XP level 1. HP: 21/21 MP: 1/1
   180 | D:1      | Reached XP level 2. HP: 28/28 MP: 2/2
   944 | D:1      | Reached XP level 3. HP: 29/34 MP: 3/3
  1263 | D:2      | Reached skill level 4 in Stealth
  1635 | D:2      | Reached XP level 4. HP: 42/42 MP: 4/4
  2658 | D:3      | Found a basalt altar of Yredelemnul.
  3068 | D:3      | Reached skill level 5 in Stealth
  3068 | D:3      | Reached XP level 5. HP: 39/49 MP: 5/5
  3417 | D:3      | Reached skill level 6 in Stealth
  3696 | D:3      | Found an ancient bone altar of Kikubaaqudgha.
  3739 | D:3      | Found a runed translucent door.
  3744 | D:3      | Noticed Kaosu's ghost (amateur DrFE)
  3757 | D:3      | Noticed Natasha
  3767 | D:3      | Killed Natasha
  3767 | D:3      | Reached XP level 6. HP: 29/56 MP: 6/6
  3862 | D:3      | Noticed Natasha
  3874 | D:3      | Killed Natasha
  3874 | D:3      | Reached skill level 5 in Short Blades
  4135 | D:3      | Found an opulent altar of Gozag.
  4135 | D:3      | Found a shimmering altar of Xom.
  4161 | D:3      | Noticed Natasha
  4546 | D:4      | Reached skill level 7 in Stealth
  4566 | D:4      | Identified the +2 robe "Cewud" {Int+6}
  4590 | D:3      | Slain by an iguana

Skill      XL: |  1  2  3  4  5  6 |
---------------+-------------------+-----
Short Blades   | 3 4 5 |  5.2
Stealth        | 4 5 6 7 |  7.1
Fighting       | |  3.2
Dodging        | |  1.0
Unarmed Combat | |  2.0

Action                   |  1- 3 |  4- 6 || total
-------------------------+-------+-------++-------
Melee: Short sword       |    69 |   188 ||   257
       Punch             |       |     2 ||     2
 Abil: Spit Poison       |    18 |    63 ||    81
  Use: Scroll            |     1 |     5 ||     6
       Potion            |       |     2 ||     2
 Stab: Sleeping          |       |     3 ||     3
       Distracted        |       |     1 ||     1
  Eat: Chunk             |     2 |    11 ||    13
Armor: Robe              |     8 |    48 ||    56
Dodge: Dodged            |    23 |    71 ||    94
